 Dungeon Crawl Stone Soup version 0.21.1-1-g345015f (webtiles) character file.

58 shakethe the Chopper (level 4, -1/39 HPs)
             Began as a Hill Orc Abyssal Knight on Feb 5, 2018.
             Was a Follower of Lugonu.
             Hit by a stone thrown by a gnoll (2 damage)
             ... on level 2 of the Dungeon.
             The game lasted 00:03:43 (1409 turns).

shakethe the Chopper (Hill Orc Abyssal Knight)      Turns: 1409, Time: 00:03:43

Health: -1/39      AC:  9    Str: 15    XL:     4   Next: 2%
Magic:  6/6        EV:  6    Int: 12    God:    Lugonu [*.....]
Gold:   46         SH:  0    Dex: 10    Spells: 3/3 levels left

rFire    . . .     SeeInvis .   a - +1 hand axe
rCold    . . .     Gourm    .   (no shield)
rNeg     . . .     Faith    .   h - +0 chain mail
rPois    .         Spirit   .   (no helmet)
rElec    .         Reflect  .   (no cloak)
rCorr    .         Harm     .   g - +0 pair of gloves
MR       .....                  (no boots)
Stlth    ..........             (no amulet)
HPRegen  0.13/turn              (no ring)
MPRegen  0.10/turn              (no ring)

@: no status effects
A: no striking features
a: Depart the Abyss, Renounce Religion


You were on level 2 of the Dungeon.
You worshipped Lugonu.
Lugonu was aware of your devotion.
You were not hungry.

You visited 1 branch of the dungeon, and saw 2 of its levels.
You visited the Abyss 1 time.

You collected 46 gold pieces.

Inventory:

Hand Weapons
 a - a +1 hand axe (weapon)
Armour
 b - a +0 leather armour
 g - a +0 pair of gloves (worn)
 h - a +0 chain mail (worn)
Scrolls
 e - a scroll of teleportation {unknown}
 f - a scroll of remove curse {unknown}
 j - 4 scrolls of identify {unknown}
Potions
 d - a potion of heal wounds {unknown}
 i - a potion of degeneration {unknown}
 l - a potion of cancellation {unknown}
 m - a potion of magic {unknown}
Comestibles
 c - 4 rations
 k - 2 chunks of flesh


   Skills:
 - Level 3.6 Fighting
 * Level 4.8 Axes
 - Level 2.1 Armour
 - Level 0.7 Dodging
 + Level 3.6 Invocations


You had 3 spell levels left.
You didn't know any spells.

Dungeon Overview and Level Annotations

Branches:
Dungeon (2/15)

Altars:


Message History

You hit the gnoll but do no damage.
The gnoll is severely wounded.
The gnoll hits you but does no damage. The gnoll barely misses you.
You completely miss the gnoll.
The gnoll is severely wounded.
The gnoll closely misses you. The gnoll hits you.
* * * LOW HITPOINT WARNING * * *
Your chain mail prevents you from hitting the gnoll.
The gnoll is severely wounded.
The gnoll hits you but does no damage. The gnoll barely misses you.
You barely miss the gnoll.
The gnoll is severely wounded.
The gnoll hits you from afar with a spear!
* * * LOW HITPOINT WARNING * * *
The gnoll hits you but does no damage.
The gnoll throws a stone.
The stone hits you but does no damage.
The gnoll throws a stone.
The stone hits you but does no damage.
You see here a stone.
The gnoll throws a stone.
The stone hits you.
You die...

#K# .. #.# .. #########l#
.. ##......##)# #.
##........gg# #.
#..........## ##
#..........# #.........(#
### #.........@# ########..
#..........#######.....##..
##.>.......................
##........######.....>.....
#..........# #...........
#..........# #...........
#..........# #...........
#..........# #...........
#..........# #...........


You could see 2 gnolls and a frilled lizard.

Vanquished Creatures
  2 gnolls (D:2)
  A leopard gecko (D:2)
  2 giant cockroaches
  5 goblins
  2 hobgoblins
  2 jackals (D:2)
  5 kobolds
  A quokka (D:2)
  8 bats
  4 frilled lizards
  6 rats
38 creatures vanquished.

Notes
Turn   | Place    | Note
-------+----------+-------------------------------------------
     0 | Abyss:1  | shakethe the Hill Orc Abyssal Knight began the quest for the Orb.
     0 | Abyss:1  | Reached XP level 1. HP: 19/19 MP: 2/2
     1 | D:1      | Escaped the Abyss
    80 | D:1      | Reached skill level 3 in Axes
   320 | D:1      | Reached XP level 2. HP: 16/26 MP: 4/4
   634 | D:1      | Reached * piety under Lugonu
  1175 | D:2      | Reached skill level 4 in Axes
  1185 | D:2      | Reached XP level 3. HP: 29/31 MP: 5/5
  1385 | D:2      | Reached XP level 4. HP: 18/39 MP: 6/6
  1405 | D:2      | HP: 1/39 [gnoll/spear (7)]
  1409 | D:2      | Hit by a stone thrown by a gnoll

Skill      XL: |  1  2 |
---------------+-------+-----
Axes           | 3 4 |  4.8
Invocations    | 3 |  3.6
Fighting       | |  3.6
Armour         | |  2.1
Dodging        | |  0.7

Action                   |  1- 3 |  4- 6 || total
-------------------------+-------+-------++-------
Melee: Hand axe          |   126 |    17 ||   143
Invok: Depart the Abyss  |     1 |       ||     1
  Eat: Chunk             |     2 |       ||     2
Armor: Leather armour    |    11 |       ||    11
       Chain mail        |    90 |    22 ||   112
Dodge: Dodged            |    64 |    14 ||    78
